[Event "Early-Titled-Tuesday-Blitz-April-02-2024"]
[Site "Chess.com"]
[Date "2024.04.02"]
[Round "1"]
[White "Agibileg"]
[Black "ZOQTE"]
[Result "1-0"]
[WhiteElo "2695"]
[BlackElo "2392"]
[TimeControl "180+1"]
[EndTime "8:05:37 PDT"]
[Termination "Agibileg won by resignation"]

1. d4 Nf6 2. c4 e6 3. Nc3 Bb4 4. e3 O-O 5. Bd3 Re8 6. Ne2 b6 7. O-O Bb7 8. e4 h6 9. a3 Bf8 10. h3 d5 11. cxd5 exd5 12. e5 Ne4 13. f3 Nxc3 14.
bxc3 c5 15. f4 Nc6 16. f5 f6 17. e6 Bd6 18. Kh1 cxd4 19. cxd4 Rc8 20. Be3 Na5 21.
Nf4 Nc4 22. Bc1 Bxf4 23. Bxf4 Nb2 24. Qd2 Nxd3 25. Qxd3 Rc4 26. Qg3 Kh8 27. Rad1 Ba6 28. Rfe1 Rc2 29. Qg6 Qe7 30. Rc1 Rec8 31. Rxc2 Rxc2 32.
Qf7 1-0

[Event "Early-Titled-Tuesday-Blitz-April-02-2024"]
[Site "Chess.com"]
[Date "2024.04.02"]
[Round "1"]
[White "IsaqueGoncalvesSanto"]
[Black "Truequitos"]
[Result "0-1"]
[WhiteElo "1910"]
[BlackElo "2555"]
[TimeControl "180+1"]
[EndTime "8:05:38 PDT"]
[Termination "Truequitos won by resignation"]

1. d4 d5 2. c4 Nc6 3. cxd5 Qxd5 4. e3 e5 5. Nc3 Bb4 6. Bd2 Bxc3 7. bxc3 exd4 8. cxd4 Nf6 9. Nf3 O-O 10. Bd3 Bg4 11.
Be2 Ne4 12. O-O Rfe8 13. a4 Rad8 14. a5 a6 15. h3 Bh5 16. Be1 f5 17. Qc2 Qd6 18.
Rb1 Rb8 19. Bc4+ Kh8 20. Nd2 Nf6 21. Nb3 f4 22. Bd2 Bg6 23. Bd3 Ne4 24. Bc1 Nb4 25.
Qc4 Nxd3 26. Qxd3 Nxf2 27. Qxg6 Nxh3+ 28. gxh3 Qxg6+ 29. Kh2 Qxb1 0-1

[Event "Early-Titled-Tuesday-Blitz-April-02-2024"]
[Site "Chess.com"]
[Date "2024.04.02"]
[Round "1"]
[White "SuperJesus88"]
[Black "stollenmonster"]
[Result "0-1"]
[WhiteElo "2519"]
[BlackElo "2914"]
[TimeControl "180+1"]
[EndTime "8:05:39 PDT"]
[Termination "stollenmonster won by checkmate"]

1. e4 c5 2. Nf3 Nf6 3. Nc3 d5 4. exd5 Nxd5 5. Bb5+ Bd7 6. Bxd7+ Qxd7 7. O-O Nc6 8. Nxd5 Qxd5 9. d3 g6 10. Bd2 Bg7 11. Bc3 e5 12. Re1 O-O 13. Nd2 Rfe8 14.
a4 f5 15. Nc4 Rad8 16. Qb1 e4 17. Bxg7 Kxg7 18. Ne3 Qf7 19. dxe4 Rxe4 20. b3 Rde8 21. Qb2+ Kg8 22. Red1 h5 23. Nd5 Nd4 24. Nc3 R4e5 25.
Nb5 Qf6 26. Nxd4 cxd4 27. h3 Re4 28. Rd2 Re1+ 29. Rxe1 Rxe1+ 30. Kh2 Qd6+ 31. g3 Qd5 32. f3 Qxf3 33. Rg2 Qf1 34. h4 Qh1# 0-1

[Event "Early-Titled-Tuesday-Blitz-April-02-2024"]
[Site "Chess.com"]
[Date "2024.04.02"]
[Round "1"]
[White "kai_nov"]
[Black "NelsonLinda"]
[Result "0-1"]
[WhiteElo "2342"]
[BlackElo "2644"]
[TimeControl "180+1"]
[EndTime "8:05:39 PDT"]
[Termination "NelsonLinda won by resignation"]

1. e4 c5 2. Nf3 e6 3. c3 Nf6 4. e5 Nd5 5. d4 cxd4 6. cxd4 d6 7. Bb5+ Bd7 8. Bxd7+ Qxd7 9. O-O Nc6 10. Nc3 Nxc3 11.
bxc3 dxe5 12. dxe5 Qxd1 13. Rxd1 Bc5 14. Rb1 b6 15.
Be3 Bxe3 16. fxe3 Ke7 17. Rb5 Rhd8 18. Nd4 Rac8 19. Nxc6+ Rxc6 20. Rxd8 Kxd8 21. Rb3 Rc5 22. Kf2 Rxe5 23. Ra3 a5 24. Rb3 Kc7 25. Kf3 Rf5+ 26. Ke2 Rh5 27. h3 Rg5 28. g4 h5 29. Kf3 hxg4+ 30. hxg4 Rc5 31. Kf4 Rc4+ 32. e4 Kc6 33. Ke3 a4 34. Ra3 Kd6 35. Kd3 b5 36. Ke3 Ke5 0-1

[Event "Early-Titled-Tuesday-Blitz-April-02-2024"]
[Site "Chess.com"]
[Date "2024.04.02"]
[Round "1"]
[White "Elegance_Riks"]
[Black "AccioChess"]
[Result "1/2-1/2"]
[WhiteElo "2775"]
[BlackElo "2470"]
[TimeControl "180+1"]
[EndTime "8:05:41 PDT"]
[Termination "Game drawn by repetition"]

1. Nf3 Nf6 2. c4 g6 3. b3 Bg7 4.
Bb2 O-O 5. g3 d6 6. d4 c5 7. Bg2 cxd4 8. Nxd4 a6 9. O-O Qc7 10.
Nc3 Nc6 11. Rc1 Nxd4 12. Qxd4 Be6 13. Nd5 Bxd5 14. cxd5 Qd7 15. Qb6 Rfc8 16. e4 Rxc1 17. Rxc1 Rc8 18. Qe3 Nxd5 19. Rxc8+ Qxc8 20. exd5 Bxb2 21. Qxe7 Qc1+ 22. Bf1 Bd4 23. Qxd6 Qd2 24. Qf4 Qxf4 25.
gxf4 Bc5 26. Kg2 Kf8 27. Kf3 Ke7 28. Bg2 Kd6 29. Ke2 Ba3 30. h3 Bc1 31. f5 gxf5 32. Bf3 Ke5 33. Bh5 Kxd5 34. Bxf7+ Ke5 35. Be8 a5 36.
Bd7 b6 37. a4 Ba3 38. Bc8 Bc5 39.
Kf3 h6 40. Kg2 Kf4 41. f3 Bd4 42. Bd7 Bc5 43. Bc8 Bd4 44. Bd7 Bc5 45. Bc8 1/2-1/2

[Event "Early-Titled-Tuesday-Blitz-April-02-2024"]
[Site "Chess.com"]
[Date "2024.04.02"]
[Round "1"]
[White "chucksterf10"]
[Black "Bob_2004"]
[Result "1-0"]
[WhiteElo "2665"]
[BlackElo "2357"]
[TimeControl "180+1"]
[EndTime "8:05:43 PDT"]
[Termination "chucksterf10 won on time"]

1. g3 d5 2. Bg2 c5 3. Nf3 Nc6 4. c4 d4 5. O-O e5 6. e3 Bd6 7. exd4 exd4 8. Re1+ Nge7 9. d3 O-O 10. Nbd2 f5 11. a3 a5 12. b3 h6 13. Bb2 Ng6 14.
Rb1 Qc7 15. h3 Bd7 16. Qc2 Bxg3 17. fxg3 Qxg3 18. Nf1 Qd6 19. Qf2 Nf4 20. Qg3 Rae8 21. Bc1 Rxe1 22. Bxf4 Qxf4 23. Rxe1 Qxg3 24. Nxg3 a4 25.
bxa4 Ra8 26. Ne5 Nxe5 27. Rxe5 Rxa4 28. Nxf5 Rxa3 29. Be4 b6 30. Ne7+ Kf7 31. Nd5 Bxh3 32. Re7+ Kf8 33. Bg6 Ra8 34. Rf7+ Kg8 35. Nxb6 Ra6 36.
Rb7 Kf8 37. Nd5 Rxg6+ 38. Kh2 Bf5 39. Rc7 Bxd3 40. Nf4 1-0

[Event "Early-Titled-Tuesday-Blitz-April-02-2024"]
[Site "Chess.com"]
[Date "2024.04.02"]
[Round "1"]
[White "2346PL"]
[Black "Iball95"]
[Result "1/2-1/2"]
[WhiteElo "2536"]
[BlackElo "2934"]
[TimeControl "180+1"]
[EndTime "8:05:44 PDT"]
[Termination "Game drawn by repetition"]

1. d4 d5 2. Nf3 Nf6 3. Bg5 Ne4 4. Bf4 Bf5 5. e3 e6 6. Bd3 Bd6 7. O-O O-O 8. c4 dxc4 9. Bxc4 Bxf4 10. exf4 Qd6 11.
Ne5 Nc6 12. Nxc6 Qxc6 13. Qe2 Rad8 14. Rd1 Qb6 15. Nc3 Rxd4 16. Rxd4 Qxd4 17. Nxe4 Qxe4 18. Qxe4 Bxe4 19. Rd1 Bc6 20. b4 a6 21. f3 g6 22.
Kf2 Kg7 23. g4 Kf6 24. h4 Ke7 25. Ke3 h6 26. a3 Bb5 27. Bb3 Rd8 28. Rxd8 Kxd8 29.
f5 Ke7 30. fxg6 fxg6 31. g5 hxg5 32. hxg5 e5 33. f4 exf4+ 34. Kxf4 Bd7 35. Ke5 Bf5 36.
Bd5 c6 37. Bf3 Bc2 38. Bg4 Bb1 39. Bc8 b5 40. Bg4 Bd3 41. Bh3 Bb1 42. Bg4 Bc2 43.
Bh3 Bb1 44. Bg4 1/2-1/2

[Event "Early-Titled-Tuesday-Blitz-April-02-2024"]
[Site "Chess.com"]
[Date "2024.04.02"]
[Round "1"]
[White "AktilekAskarovich"]
[Black "Rutricks"]
[Result "0-1"]
[WhiteElo "2396"]
[BlackElo "2703"]
[TimeControl "180+1"]
[EndTime "8:05:45 PDT"]
[Termination "Rutricks won on time"]

1. d4 g6 2. c4 Bg7 3. Nf3 d6 4. e3 Nd7 5. Be2 e5 6. O-O Ngf6 7. Nc3 Kf8 8. b4 Kg8 9. a4 h6 10. a5 Kh7 11. b5 Re8 12. Bb2 Qe7 13. Qc2 Kg8 14. Rfd1 e4 15. Nd2 Nf8 16. Nb3 h5 17.
c5 h4 18. cxd6 cxd6 19. a6 b6 20. d5 h3 21. g3 Bg4 22. Nd4 Rac8 23. Nc6 Qd7 24.
Rac1 Rc7 25. Rd2 N8h7 26. Qd1 Bxe2 27. Qxe2 Ng5 28. Rdc2 Nf3+ 29. Kh1 Ng4 30. Nxe4 Bxb2 31. Rxb2 Nfxh2 32. f3 Qf5 33. fxg4 Nxg4 34. Qxg4 Qxd5 35.
Rb4 Re5 36. Rd4 Qa2 37. Rd2 Qa3 38. Nf6+ Kg7 39. Nd5 Qxc1+ 40. Rd1 Qc2 41. Rg1 Rxd5 0-1

[Event "Early-Titled-Tuesday-Blitz-April-02-2024"]
[Site "Chess.com"]
[Date "2024.04.02"]
[Round "1"]
[White "DanylaBagrov"]
[Black "JimDiGrease"]
[Result "0-1"]
[WhiteElo "2530"]
[BlackElo "2968"]
[TimeControl "180+1"]
[EndTime "8:05:47 PDT"]
[Termination "JimDiGrease won on time"]

1. d4 d5 2. Bf4 Nf6 3. e3 c5 4. c3 Nc6 5. Bd3 Qb6 6. Qc1 Bg4 7. h3 Bh5 8. Nd2 e6 9. Ngf3 Be7 10. O-O O-O 11. Ne5 Rac8 12. a4 Nxe5 13. Bxe5 Nd7 14. a5 Qc6 15. Bh2 Bg6 16. Qc2 Bf6 17. Rfc1 cxd4 18.
exd4 Bxd4 19. Bxg6 hxg6 20. Nf3 Bf6 21. Qd3 Nc5 22. Qe2 Nb3 23. Rab1 Nxc1 24. Rxc1 Qc4 25. Qd2 d4 26. Be5 dxc3 27. Rxc3 Qe4 28. Bxf6 gxf6 29.
Rxc8 Rxc8 30. Qd7 Rc1+ 31. Kh2 Qf4+ 32. g3 Qxf3 33. Qc8+ Rxc8 0-1

[Event "Early-Titled-Tuesday-Blitz-April-02-2024"]
[Site "Chess.com"]
[Date "2024.04.02"]
[Round "1"]
[White "temus_galaktionov"]
[Black "Tejas_Rama"]
[Result "1-0"]
[WhiteElo "2858"]
[BlackElo "2499"]
[TimeControl "180+1"]
[EndTime "8:05:47 PDT"]
[Termination "temus_galaktionov won by resignation"]

1. d4 Nf6 2. Nf3 d5 3. c4 e6 4. Nc3 c6 5. e3 Nbd7 6. Qc2 Bd6 7.
b3 O-O 8. Be2 b6 9. O-O Bb7 10.
Bb2 Qe7 11. Rfe1 Rfe8 12. e4 dxe4 13. Nxe4 Nxe4 14. Qxe4 Nf6 15. Qc2 c5 16. d5 exd5 17. Bd3 Qd8 18. Rxe8+ Nxe8 19. Bxh7+ Kf8 20. cxd5 Bxd5 21.
Be4 Bxe4 22. Qxe4 Kg8 23. Rd1 Rc8 24. g3 Qe7 25. Qg4 Qe6 26. Qxe6 fxe6 27. Ng5 Rc6 28. Re1 Nc7 29. Nxe6 Bxg3 30. Nd8 Rd6 31. hxg3 Rxd8 32. Re7 Ne8 33. Rxa7 Rd2 34. Be5 Re2 35. f4 b5 36.
Kf1 Rc2 37. Ra5 Kf7 38. Rxb5 Rxa2 39. Rxc5 Rb2 40. Bxb2 1-0

[Event "Early-Titled-Tuesday-Blitz-April-02-2024"]
[Site "Chess.com"]
[Date "2024.04.02"]
[Round "1"]
[White "Attacker_2006"]
[Black "Suleyman_Chess06"]
[Result "0-1"]
[WhiteElo "2430"]
[BlackElo "2737"]
[TimeControl "180+1"]
[EndTime "8:05:49 PDT"]
[Termination "Suleyman_Chess06 won by checkmate"]

1. e4 e6 2. d4 d5 3. Nc3 Nf6 4.
e5 Nfd7 5. Nce2 c5 6. c3 Nc6 7. f4 Qb6 8. Nf3 a5 9. g4 cxd4 10.
Nexd4 Bc5 11. Rb1 O-O 12. Be3 f6 13. exf6 Nxf6 14. h3 Ne4 15. Bg2 Ng3 16. Rh2 Ne4 17.
Kf1 e5 18. fxe5 Nxe5 19. Kg1 Nc4 20. Bc1 Bd7 21. Qd3 Rae8 22. a3 Bd6 23. b3 Bxh2+ 24. Kxh2 Qd6+ 25. Kg1 Ne5 26. Nxe5 Qxe5 27. Nf3 Qg3 28.
Qxd5+ Rf7 29. Qd4 Rxf3 30. Qxd7 Qf2+ 31. Kh1 Rxh3+ 32. Bxh3 Ng3# 0-1

[Event "Early-Titled-Tuesday-Blitz-April-02-2024"]
[Site "Chess.com"]
[Date "2024.04.02"]
[Round "1"]
[White "Yaacovn"]
[Black "JosefineHeinemann"]
[Result "1-0"]
[WhiteElo "2849"]
[BlackElo "2496"]
[TimeControl "180+1"]
[EndTime "8:05:51 PDT"]
[Termination "Yaacovn won on time"]

1. d4 Nf6 2. e3 d5 3. Bd3 c5 4.
c3 Nc6 5. f4 Bg4 6. Nf3 e6 7.
O-O Bd6 8. Qe1 O-O 9. Ne5 Bf5 10.
Qe2 Bxd3 11. Nxd3 cxd4 12. exd4 Ne4 13. Nd2 f5 14. Nf3 Qc7 15. Be3 b5 16. Nde5 Nxe5 17. dxe5 Bc5 18. g3 b4 19. cxb4 Bxb4 20. Nd4 Rfe8 21. Rac1 Qb7 22. Qb5 Qxb5 23. Nxb5 Rec8 24.
Nc7 Rab8 25. Nxe6 Bd2 26. Bxd2 Nxd2 27. Rfd1 Rxc1 28. Rxc1 Rxb2 29. Ng5 Nc4 30. Rd1 h6 31. Nf3 Rxa2 32. Rxd5 Ne3 33. Rd3 1-0

[Event "Early-Titled-Tuesday-Blitz-April-02-2024"]
[Site "Chess.com"]
[Date "2024.04.02"]
[Round "1"]
[White "lcmil"]
[Black "MalyDominator"]
[Result "0-1"]
[WhiteElo "2290"]
[BlackElo "2618"]
[TimeControl "180+1"]
[EndTime "8:05:51 PDT"]
[Termination "MalyDominator won by resignation"]

1. e4 c5 2. Nf3 d6 3. d4 cxd4 4.
Nxd4 Nf6 5. Nc3 Nc6 6. Bg5 e6 7. f3 a6 8. Qd2 Bd7 9. g4 Be7 10.
h4 Qb6 11. Nb3 Ne5 12. Be2 a5 13. a4 Rc8 14. Be3 Qc7 15. Nb5 Bxb5 16. Bxb5+ Nfd7 17. O-O h5 18. g5 O-O 19. Qxa5 Qxc2 20. Nd4 Qxb2 21. f4 Ng4 22. Bxd7 Nxe3 23. Rf2 Qxa1+ 0-1

[Event "Early-Titled-Tuesday-Blitz-April-02-2024"]
[Site "Chess.com"]
[Date "2024.04.02"]
[Round "1"]
[White "Brahianzevich"]
[Black "GOGIEFF"]
[Result "0-1"]
[WhiteElo "2537"]
[BlackElo "3008"]
[TimeControl "180+1"]
[EndTime "8:05:55 PDT"]
[Termination "GOGIEFF won by resignation"]

1. e4 c5 2. Nf3 Nc6 3. d4 cxd4 4. Nxd4 Qb6 5. Nb3 e6 6. Nc3 Nf6 7. Be3 Qc7 8. Bd3 a6 9. a4 b6 10. O-O d6 11. f4 Be7 12. Qe1 Bb7 13. h3 O-O 14. Qg3 Nb4 15. Rad1 d5 16. e5 Ne4 17. Bxe4 dxe4 18. Qf2 b5 19. axb5 axb5 20. Nxb5 Qxc2 21.
Nc5 Bc6 22. Nd6 Qxf2+ 23. Rxf2 Nd5 24. Bc1 e3 25. Re2 Nxf4 26. Rxe3 Nxg2 27. Rg3 Nh4 28. Nce4 Ng6 29. Bg5 Bxg5 30. Rxg5 Rfb8 31. Rd2 Ra1+ 32.
Kf2 h6 33. Rh5 Rb4 34. Kf3 Re1 0-1

[Event "Early-Titled-Tuesday-Blitz-April-02-2024"]
[Site "Chess.com"]
[Date "2024.04.02"]
[Round "1"]
[White "Shuvalov"]
[Black "javirec"]
[Result "1-0"]
[WhiteElo "2610"]
[BlackElo "2264"]
[TimeControl "180+1"]
[EndTime "8:05:56 PDT"]
[Termination "Shuvalov won by resignation"]

1. d4 Nf6 2. c4 d6 3. Nf3 g6 4.
Nc3 Bf5 5. Qb3 Qc8 6. h3 c5 7. g4 Bd7 8. Bg2 Nc6 9. d5 Na5 10. Qc2 Nxc4 11. O-O Bg7 12. Bf4 O-O 13. Rad1 b5 14.
a4 a6 15. e4 Rb8 16. axb5 axb5 17. Rfe1 Ne8 18. e5 dxe5 19. Nxe5 Nxe5 20. Bxe5 Bxe5 21.
Rxe5 Nd6 22. Rxe7 Qd8 23. Rde1 b4 24. Nb1 Rc8 25. b3 Nb5 26. Nd2 Nd4 27. Qd1 Bb5 28.
R7e3 Qa5 29. Ne4 c4 30. Qxd4 1-0

[Event "Early-Titled-Tuesday-Blitz-April-02-2024"]
[Site "Chess.com"]
[Date "2024.04.02"]
[Round "1"]
[White "Mikasinski"]
[Black "LuisFSiles"]
[Result "1-0"]
[WhiteElo "2646"]
[BlackElo "2342"]
[TimeControl "180+1"]
[EndTime "8:05:58 PDT"]
[Termination "Mikasinski won on time"]

1. e4 c5 2. Nf3 Nc6 3. d4 cxd4 4.
Nxd4 Nf6 5. Nc3 e5 6. Ndb5 d6 7. Bg5 a6 8. Bxf6 gxf6 9. Na3 b5 10.
Nd5 f5 11. c3 Bg7 12. exf5 Bxf5 13. Nc2 Be6 14. Nce3 Ne7 15. a4 Nxd5 16. Nxd5 O-O 17. Be2 Kh8 18. O-O Rb8 19. axb5 axb5 20. Ra6 f5 21. Qd2 Bc8 22. Ra7 Bb7 23. Rd1 Bxd5 24.
Qxd5 Qb6 25. Rd7 Rfd8 26. Rxd6 Rxd6 27. Qxd6 Qxd6 28. Rxd6 b4 29. cxb4 e4 30. b3 Rc8 31.
Bc4 Bf8 32. Rf6 Bxb4 33. Rxf5 Rd8 34. g3 Rd1+ 35. Kg2 Rd2 36. Rg5 h6 37. Rf5 e3 38.
Kf1 exf2 39. Rxf2 Rxf2+ 40. Kxf2 Kg7 41. Kf3 Kf6 42. Ke4 Ke7 43. Kd5 Kd7 44. Bb5+ Kc7 45.
g4 Be1 46. h3 Bh4 47. Bd3 Kb6 48. b4 Be1 49. b5 Bh4 50. Ke6 Bf2 51. Kf5 Be3 52.
Kg6 Kc7 53. h4 Kd6 54. g5 hxg5 55. hxg5 Ke7 56. Bc4 Kf8 57. Kf6 1-0

[Event "Early-Titled-Tuesday-Blitz-April-02-2024"]
[Site "Chess.com"]
[Date "2024.04.02"]
[Round "1"]
[White "Msb2"]
[Black "tomesao"]
[Result "1-0"]
[WhiteElo "3041"]
[BlackElo "2545"]
[TimeControl "180+1"]
[EndTime "8:05:59 PDT"]
[Termination "Msb2 won by checkmate"]

1. d4 d5 2. c4 c6 3. Nf3 Nf6 4. Nc3 dxc4 5. e4 b5 6. Qc2 Bb7 7. Be2 e6 8. O-O Be7 9. Rb1 a5 10. b3 cxb3 11. Rxb3 b4 12. e5 Nd5 13. Nxd5 cxd5 14.
Qd2 Ba6 15. Bxa6 Rxa6 16. Qf4 h6 17. Qg4 g6 18. h4 h5 19. Qg3 Rc6 20. Bg5 Nd7 21. Qf4 Nb6 22. Bf6 Bxf6 23. exf6 Qc7 24. Ne5 Nc4 25. Rg3 Nxe5 26. dxe5 Rc4 27. Qe3 Rc3 28.
Qe2 Qc5 29. Kh2 Kd7 30. Qa6 Rc8 31. Qb7+ Rc7 32. Qb8 Rc8 33. Qb7+ Rc7 34. Qa8 Rc8 35. Qa6 Qc4 36. Qd6+ Ke8 37. Qe7# 1-0

[Event "Early-Titled-Tuesday-Blitz-April-02-2024"]
[Site "Chess.com"]
[Date "2024.04.02"]
[Round "1"]
[White "Beca95"]
[Black "MaestroCheck"]
[Result "1-0"]
[WhiteElo "2947"]
[BlackElo "2530"]
[TimeControl "180+1"]
[EndTime "8:05:59 PDT"]
[Termination "Beca95 won by checkmate"]

1. d4 d5 2. c4 c6 3. Nc3 Nf6 4.
Nf3 e6 5. Bg5 Be7 6. e3 O-O 7. Qc2 h6 8. h4 Nbd7 9. O-O-O b5 10. c5 a5 11. Bd3 a4 12. Ne2 b4 13.
Bxf6 Nxf6 14. Ne5 Nd7 15. Nxc6 Qe8 16. Nxb4 Nf6 17. a3 Bd7 18. f4 Bb5 19. Bxb5 Qxb5 20. Nc3 Qd7 21. Qe2 h5 22. e4 dxe4 23. Nxe4 Ng4 24. d5 exd5 25. Rxd5 Qe6 26. f5 Qh6+ 27. Kb1 Ne3 28. Re5 Rfe8 29. f6 Bxf6 30. Nxf6+ gxf6 31. Rxe8+ Rxe8 32. Re1 Qg6+ 33. Qd3 Qg3 34. Re2 Qf4 35.
Nd5 Qf1+ 36. Ka2 Kg7 37. Rxe3 Qxd3 38. Rxd3 Re5 39. c6 Re6 40. Rc3 Rxc6 41. Rxc6 f5 42. Nf4 Kh7 43. Nxh5 Kg8 44. Nf4 Kg7 45. b3 Kh7 46. bxa4 Kg7 47. a5 Kh7 48. a6 Kg7 49. a7 Kh7 50. a8=Q Kg7 51. Qc8 Kh7 52. Qxf5+ Kg7 53. Qg5+ Kh7 54. Qh6+ Kg8 55. Rc8# 1-0

[Event "Early-Titled-Tuesday-Blitz-April-02-2024"]
[Site "Chess.com"]
[Date "2024.04.02"]
[Round "1"]
[White "A-Fier"]
[Black "DvaHrasta"]
[Result "1-0"]
[WhiteElo "2905"]
[BlackElo "2514"]
[TimeControl "180+1"]
[EndTime "8:06:00 PDT"]
[Termination "A-Fier won on time"]

1. d4 Nf6 2. Bg5 c5 3. Bxf6 gxf6 4. d5 Qb6 5. Qc1 Bh6 6. e3 f5 7. Nc3 e5 8. g3 f4 9. exf4 exf4 10. Nf3 O-O 11.
gxf4 Re8+ 12. Be2 d6 13. Qd2 Qxb2 14. O-O Bf5 15. Bd3 Bg6 16. Kh1 Qb4 17. Ng5 f6 18. Ne6 Rxe6 19. dxe6 Bxf4 20. Qe1 Nc6 21. Nd5 Qd4 22.
Nxf4 Qxf4 23. Rg1 Ne5 24. Qe4 Qxe4+ 25. Bxe4 Kg7 26. f4 f5 27. fxe5 fxe4 28. exd6 Kf6 29.
e7 Ke6 30. Rad1 e3 31. Rge1 Be4+ 32. Kg1 Rg8+ 33. Kf1 Kd7 34. Rxe3 Bxc2 35. Rd2 Ba4 36. Rf2 Bb5+ 37. Ke1 1-0

[Event "Early-Titled-Tuesday-Blitz-April-02-2024"]
[Site "Chess.com"]
[Date "2024.04.02"]
[Round "1"]
[White "Grossboss19"]
[Black "AnaKuchava"]
[Result "1-0"]
[WhiteElo "2577"]
[BlackElo "2170"]
[TimeControl "180+1"]
[EndTime "8:06:02 PDT"]
[Termination "Grossboss19 won by resignation"]

1. d4 d5 2. Nf3 Nf6 3. g3 Bf5 4. Bg2 e6 5. c4 c6 6. Nc3 Be7 7. Qb3 Qc8 8. Nh4 Bg6 9. O-O Nbd7 10. Bf4 O-O 11. Rac1 dxc4 12. Qxc4 Nb6 13. Qb3 Qd7 14.
Rfd1 Nfd5 15. Nxg6 hxg6 16. Bd2 Bf6 17. e4 Nxc3 18. bxc3 Rfd8 19. Be3 Qc7 20. f4 Be7 21. c4 c5 22. d5 exd5 23. exd5 Nc8 24. Qa3 Rb8 25.
Re1 b6 26. Bf2 Nd6 27. g4 g5 28. Bg3 gxf4 29. Bxf4 Bf6 30. Kh1 Re8 31. Qg3 Rbd8 32. Rxe8+ Rxe8 33. Bxd6 Qd7 34. Bf4 1-0

[Event "Early-Titled-Tuesday-Blitz-April-02-2024"]
[Site "Chess.com"]
[Date "2024.04.02"]
[Round "1"]
[White "AA95"]
[Black "superchess02"]
[Result "0-1"]
[WhiteElo "2495"]
[BlackElo "2849"]
[TimeControl "180+1"]
[EndTime "8:06:03 PDT"]
[Termination "superchess02 won by resignation"]

1. Nf3 Nf6 2. g3 d5 3. Bg2 Nc6 4. d4 Bf5 5. c3 e6 6. O-O h5 7. Bg5 Be7 8. Nbd2 Ne4 9. Bxe7 Qxe7 10. h4 O-O-O 11. Nxe4 dxe4 12. Nd2 e5 13. Bxe4 Bxe4 14. Nxe4 exd4 15. Qc2 Rhe8 16. Ng5 f6 17. Nf3 Qxe2 18. Qf5+ Kb8 19. Rae1 Qxb2 20. Rb1 Qe2 21. Rfe1 Qxa2 22. Qb5 Rxe1+ 23. Nxe1 b6 24. cxd4 Nxd4 25. Qb2 Qxb2 26. Rxb2 a5 0-1

[Event "Early-Titled-Tuesday-Blitz-April-02-2024"]
[Site "Chess.com"]
[Date "2024.04.02"]
[Round "1"]
[White "viktorskliarov"]
[Black "IsmaelAmadorGarcia"]
[Result "1-0"]
[WhiteElo "2610"]
[BlackElo "2249"]
[TimeControl "180+1"]
[EndTime "8:06:03 PDT"]
[Termination "viktorskliarov won by resignation"]

1. e4 e5 2. Nc3 Nf6 3. Bc4 Bc5 4. d3 O-O 5. h3 c6 6. Qf3 b5 7. Bb3 b4 8. Nd1 a5 9. a4 bxa3 10. bxa3 a4 11. Ba2 Qb6 12. Ne2 d5 13. Rb1 Qa7 14.
Ne3 Be6 15. exd5 cxd5 16. Nxd5 Nxd5 17. Bxd5 Bxd5 18. Qxd5 Bxf2+ 19. Kd1 Bd4 20. Rf1 Na6 21. Rb7 Qc5 22. Rfxf7 Kh8 23. Qxc5 Nxc5 24. Rbe7 Kg8 25.
Rxg7+ Kh8 26. Rxh7+ 1-0

[Event "Early-Titled-Tuesday-Blitz-April-02-2024"]
[Site "Chess.com"]
[Date "2024.04.02"]
[Round "1"]
[White "ProphetReborn"]
[Black "venturov"]
[Result "1-0"]
[WhiteElo "2918"]
[BlackElo "2523"]
[TimeControl "180+1"]
[EndTime "8:06:05 PDT"]
[Termination "ProphetReborn won by checkmate"]

1. e4 Nf6 2. e5 Nd5 3. c4 Nb6 4. d4 d6 5. f4 g6 6. Nf3 Bg7 7. Nc3 Be6 8. d5 Bc8 9. a4 a5 10. Be3 O-O 11. Be2 Bg4 12. exd6 exd6 13. O-O Re8 14.
Qd2 Bxf3 15. Rxf3 Na6 16. Bd4 Nc5 17. Bxg7 Kxg7 18. Re1 f5 19. Qc2 Qf6 20. Rd1 Nbxa4 21.
Nb5 Qxb2 22. Qxb2+ Nxb2 23. Rd2 Rxe2 24. Rxe2 Nxc4 25. Nxc7 Rc8 26. Re7+ Kf6 27. Rxh7 a4 28. Nb5 Ne4 29. Rxb7 a3 30. Ra7 Rb8 31. Nxa3 Nxa3 32. Raxa3 Rb1+ 33. Rf1 Rb2 34. Rd3 Nc5 35. Rdd1 Ne4 36.
h3 Ng3 37. Rf2 Rb4 38. Kh2 Ne4 39. Rf3 Nc5 40. Rd2 Ne4 41. Rc2 Rd4 42. Rc8 Rxd5 43.
Rf8+ Kg7 44. Ra8 Rd2 45. h4 d5 46. Rd8 d4 47. Ra3 Nf2 48. Ra7+ Kf6 49. Rd6# 1-0

[Event "Early-Titled-Tuesday-Blitz-April-02-2024"]
[Site "Chess.com"]
[Date "2024.04.02"]
[Round "1"]
[White "francyIM"]
[Black "Casper"]
[Result "0-1"]
[WhiteElo "2800"]
[BlackElo "2502"]
[TimeControl "180+1"]
[EndTime "8:06:05 PDT"]
[Termination "Casper won by resignation"]

1. e4 c6 2. Nf3 d5 3. d3 Bg4 4. h3 Bh5 5. exd5 cxd5 6. g4 Bg6 7. Ne5 Nc6 8. d4 e6 9. c3 Bd6 10. Qe2 Nge7 11. h4 Bxe5 12. dxe5 Bxb1 13. Rxb1 Ng6 14. h5 Ngxe5 15. h6 g5 16. Bg2 Qf6 17. Be3 O-O-O 18. b3 Qg6 19. Rd1 Rhf8 20. a4 f5 21. f3 f4 22. Bf2 Nf7 23. b4 Kb8 24. a5 e5 25. a6 b6 26. O-O Rfe8 27. Qb5 Ne7 28. Rfe1 Qc6 29. Qd3 Ng6 30. Bf1 e4 31. Qd4 e3 32.
Bxe3 fxe3 33. Qxe3 Rxe3 0-1

[Event "Early-Titled-Tuesday-Blitz-April-02-2024"]
[Site "Chess.com"]
[Date "2024.04.02"]
[Round "1"]
[White "Kiborg95"]
[Black "Mazarini41"]
[Result "1-0"]
[WhiteElo "2854"]
[BlackElo "2498"]
[TimeControl "180+1"]
[EndTime "8:06:10 PDT"]
[Termination "Kiborg95 won on time"]

1. e4 c5 2. Nc3 g6 3. Nge2 Bg7 4.
d4 cxd4 5. Nxd4 Nc6 6. Be3 Nf6 7. Bc4 O-O 8. Bb3 d6 9. f3 e5 10. Ndb5 Ne8 11. Nd5 a6 12. Bb6 Qg5 13. Nbc7 Nxc7 14. Nxc7 Qxg2 15. Rg1 Qxh2 16. Nxa8 Bh3 17. Qe2 Qxe2+ 18.
Kxe2 Rxa8 19. c3 Kh8 20. Bxf7 Rf8 21. Bxg6 hxg6 22. Rh1 Kg8 23. Rxh3 Ne7 24. Rd1 d5 25. exd5 Nf5 26. d6 e4 27. fxe4 Re8 28. d7 Rxe4+ 29. Kd3 1-0

[Event "Early-Titled-Tuesday-Blitz-April-02-2024"]
[Site "Chess.com"]
[Date "2024.04.02"]
[Round "1"]
[White "fmcabralis"]
[Black "Andrey_Klymchuk"]
[Result "0-1"]
[WhiteElo "2403"]
[BlackElo "2711"]
[TimeControl "180+1"]
[EndTime "8:06:10 PDT"]
[Termination "Andrey_Klymchuk won by resignation"]

1. e4 c5 2. Nf3 Nc6 3. d4 cxd4 4.
Nxd4 g6 5. Nc3 Bg7 6. Be3 Nf6 7. Bc4 Qa5 8. O-O d6 9. h3 O-O 10. Bb3 Bd7 11. Re1 Qh5 12. Nd5 Qxd1 13. Raxd1 Nxd5 14. exd5 Na5 15. c3 Bf6 16. Bc2 Nc4 17. Bc1 b5 18. b3 Nb6 19. Bd3 b4 20. Nc6 Bxc6 21.
dxc6 bxc3 22. Ba6 Rfc8 23. Bb7 Rab8 24. a4 Rxb7 25. cxb7 Rb8 26. a5 Nd7 27. Be3 Rxb7 28. a6 Rxb3 29. Bxa7 c2 30. Rc1 Ra3 31. Rxc2 Rxa6 32.
Rc7 Ne5 33. Be3 h5 34. g3 Nf3+ 35. Kf1 Nxe1 36. Kxe1 d5 37. Ke2 0-1

[Event "Early-Titled-Tuesday-Blitz-April-02-2024"]
[Site "Chess.com"]
[Date "2024.04.02"]
[Round "1"]
[White "Barbix1"]
[Black "Djager97"]
[Result "0-1"]
[WhiteElo "2301"]
[BlackElo "2623"]
[TimeControl "180+1"]
[EndTime "8:06:11 PDT"]
[Termination "Djager97 won by checkmate"]

1. d4 d5 2. c4 e6 3. Nf3 c6 4. g3 Nf6 5. Bg2 Be7 6. O-O O-O 7. Qc2 b6 8. Rd1 Bb7 9. Nc3 dxc4 10. e4 h6 11. e5 Nd5 12. Ne4 b5 13. b3 cxb3 14. axb3 Nd7 15. Nc5 Nxc5 16. dxc5 a5 17. Nd2 Qc7 18.
Bb2 a4 19. bxa4 Rxa4 20. Rxa4 bxa4 21. Ne4 Ra8 22. Nd6 a3 23. Ba1 Ba6 24. Be4 Bb5 25. Rb1 Qa5 26. Rc1 a2 27. Qd1 Qa3 28. Bxd5 exd5 29. Rc3 Qb4 30. Qf3 Qb1+ 31. Kg2 Qf1# 0-1